 Dungeon Crawl Stone Soup version 0.26.1-11-gd32895ea62 (webtiles) character file.

Game seed: 6176889371752158541

517 Zeld the Cudgeller (level 7, -2/44 HPs)
             Began as a Tengu Monk on June 9, 2021.
             Slain by a human zombie (5 damage)
             ... in an ossuary.
             The game lasted 00:05:25 (7048 turns).

Zeld the Cudgeller (Tengu Monk)                     Turns: 7048, Time: 00:05:25

Health: -2/44      AC:  2    Str: 14    XL:     7   Next: 20%
Magic:  8/8        EV: 18    Int: 10    God:
Gold:   167        SH:  0    Dex: 16    Spells: 6/6 levels left

rFire    . . .     SeeInvis .   a - +0 mace (curse)
rCold    . . .     Faith    .   (no shield)
rNeg     . . .     Spirit   .   b - +0 robe
rPois    .         Reflect  .   (helmet restricted)
rElec    .         Harm     .   (no cloak)
rCorr    .         Rampage  .   (no gloves)
Will     .....                  (boots unavailable)
Stlth    ++........             (no amulet)
HPRegen  0.14/turn              (no ring)
MPRegen  0.11/turn              (no ring)

@: flying quickly and evasively, quick
A: beak, talons 3, able to fly
a: Stop Flying


You were in an ossuary.
You visited 1 branch of the dungeon, and saw 4 of its levels.
You also visited: Ossuary.

You collected 167 gold pieces.

Inventory:

Hand Weapons
 a - a cursed +0 mace (weapon)
Missiles
 r - 15 poisoned darts (quivered)
Armour
 b - a +0 robe (worn)
Jewellery
 h - a +4 ring of protection {unknown}
 k - a cursed ring of teleportation {unknown}
 m - an uncursed ring of fire {unknown}
 p - an uncursed ring of protection from cold
 q - a cursed -4 ring of protection {unknown}
Scrolls
 e - a scroll of fear
 g - a scroll of enchant weapon
 n - a scroll of remove curse
 o - a scroll of amnesia {unknown}
Potions
 c - 2 potions of curing {unknown}
 d - a potion of mutation {unknown}
 f - a potion of heal wounds {unknown}
 i - 2 potions of degeneration {unknown}
 l - 3 potions of brilliance {unknown}


   Skills:
 + Level 4.7 Fighting
 * Level 6.6 Maces & Flails
 + Level 5.1 Dodging
 - Level 2.0 Stealth


You had 6 spell levels left.
You didn't know any spells.
Your spell library was empty.

Dungeon Overview and Level Annotations

Branches:
Dungeon (4/15)            Ossuary (1/1)
 Temple: D:4-7

Altars:
Fedhas

Shops:
D:4 (

Annotations:
D:3 2 transporters, bigdumb's ghost, amateur DETm


Innate Abilities, Weirdness & Mutations

You have a beak for a mouth.
You have claws for feet.
You can fly continuously.


Message History

The hound zombie closely misses you. The human zombie misses you.
The human zombie misses you. The hound zombie completely misses you.
The hound zombie barely misses you. The hound zombie bites you.
* * * LOW HITPOINT WARNING * * *
There is a gate leading back out of this place here.
You closely miss the hound zombie. Your kick misses the hound zombie.
You peck the hound zombie.
The hound zombie is severely damaged.
The hound zombie misses you. The gnoll zombie misses you.
The hound zombie misses you.
Unknown command.
The gnoll zombie hits you.
* * * LOW HITPOINT WARNING * * *
The hound zombie closely misses you. The gnoll zombie hits you.
* * * LOW HITPOINT WARNING * * *
The human zombie hits you.
You die...

#MZ#.......................#
#...........................
#.....##...............##...
#.....##...............##...
#..............Z............
#........M..Z..ZZ...........
##+#........Z#####.........#
#!!#........ZZ...Z.........#
#!!#.......@Z.Z∩Z..........#
############################


You could see a mummy, 2 hound zombies, 3 gnoll zombies and 3 human zombies.

Vanquished Creatures
  Sigmund (D:3)
  A bullfrog (D:4)
  A hound (D:4)
  An orc priest (D:3)
  3 worker ants
  A hound zombie (Ossuary)
  A mummy (Ossuary)
  Robin (D:2)
  5 adders
  3 oozes (D:2)
  3 dart slugs
  6 orcs (D:3)
  5 bats
  3 giant cockroaches
  13 goblins
  12 hobgoblins
  2 quokkas (D:3)
  A ball python (D:3)
  3 frilled lizards
  5 kobolds
  4 rats
75 creatures vanquished.

Notes
Turn   | Place    | Note
-------+----------+-------------------------------------------
     0 | D:1      | Zeld the Tengu Monk began the quest for the Orb.
     0 | D:1      | Reached XP level 1. HP: 14/14 MP: 2/2
   712 | D:1      | Reached XP level 2. HP: 12/19 MP: 3/3
  1510 | D:2      | Reached skill level 4 in Maces & Flails
  1510 | D:2      | Reached XP level 3. HP: 10/23 MP: 4/4
  2042 | D:2      | Noticed Robin
  2064 | D:2      | Reached XP level 4. HP: 20/28 MP: 5/5
  2884 | D:2      | Killed Robin
  3332 | D:3      | Gained mutation: You can fly continuously. [Tengu growth]
  3332 | D:3      | Reached XP level 5. HP: 21/33 MP: 6/6
  3504 | D:3      | Reached skill level 5 in Maces & Flails
  4799 | D:3      | Found a transporter.
  4799 | D:3      | Noticed bigdumb's ghost (amateur DETm)
  4802 | D:3      | Noticed an ogre
  4803 | D:3      | Found a transporter.
  4926 | D:3      | Noticed Sigmund
  5824 | D:3      | Killed Sigmund
  5825 | D:3      | Reached skill level 6 in Maces & Flails
  5825 | D:3      | Reached XP level 6. HP: 29/39 MP: 7/7
  6754 | D:4      | Reached skill level 5 in Dodging
  6754 | D:4      | Reached XP level 7. HP: 39/44 MP: 8/8
  6816 | D:4      | Found a blossoming altar of Fedhas.
  6899 | D:4      | Found Zeuk's Weapon Boutique.
  6922 | D:4      | Found a sand-covered staircase.
  6929 | Ossuary  | Entered an ossuary
  7047 | Ossuary  | HP: 2/44 [gnoll zombie (2)]
  7048 | Ossuary  | Slain by a human zombie

Illustrated notes

Levels and vault maps discovered:
D:1:      roderic_lyre, layout_basic
D:2:      layout_loops_ring, uniq_robin
D:3:      layout_basic, gammafunk_ghost_arena, uniq_sigmund
D:4:      layout_loops_ring, nicolae_overflow_crystal_walls, serial_shops, shop,
          nicolae_ossuary_entry_ruins, fedhas_ov_isle_minmay, uniq_natasha,
          uniq_eustachio
Ossuary:  ossuary_minmay_tomb_2a

Skill      XL: |  1  2  3  4  5  6 |
---------------+-------------------+-----
Maces & Flails | 4 6 |  6.6
Dodging        | 4 5 |  5.1
Fighting       | 4 |  4.7
Stealth        | |  2.0

Action                   |  1- 3 |  4- 6 |  7- 9 || total
-------------------------+-------+-------+-------++-------
Melee: Mace              |    57 |   116 |    32 ||   205
       Kick              |    20 |    38 |    12 ||    70
       Peck              |     8 |    19 |     6 ||    33
 Abil: Fly               |       |       |     1 ||     1
  Use: Scroll            |       |       |     3 ||     3
 Stab: Sleeping          |     4 |     5 |     1 ||    10
       Distracted        |       |     1 |       ||     1
Armor: Robe              |     4 |    18 |    13 ||    35
Dodge: Dodged            |    58 |    96 |    69 ||   223
